 Dungeon Crawl Stone Soup version 0.19.1-1-g22dce08 (webtiles) character file.

77 Megalobster the Conjurer (level 4, -5/24 HPs)
             Began as a Deep Elf Conjurer on Jan 12, 2017.
             Killed by divine providence
             ... invoked by an orc priest
              (15 damage)
             ... on level 3 of the Dungeon.
             The game lasted 00:23:44 (2175 turns).

Megalobster the Conjurer (Deep Elf Conjurer)        Turns: 2175, Time: 00:23:44

Health: -5/24      AC:  3    Str:  6    XL:     4   Next: 14%
Magic:  9/11       EV: 13    Int: 20    God:
Gold:   171        SH:  0    Dex: 15    Spells: 2 memorised, 7 levels left

rFire  . . .     SeeInvis .     v - +0 short sword (elec)
rCold  . . .     Gourm    .     a - +0 robe
rNeg   . . .     Faith    .     (no shield)
rPois  +         Spirit   .     m - +0 helmet
rElec  .         Reflect  .     (no cloak)
rCorr  .         Harm     .     (no gloves)
MR     .....                    (no boots)
Stlth  ++........               (no amulet)
                                (no ring)
                                j - ring of poison resistance

@: very slightly contaminated
A: no striking features
a: no special abilities


You were on level 3 of the Dungeon.
You were not hungry.

You visited 1 branch of the dungeon, and saw 3 of its levels.

You collected 171 gold pieces.

Inventory:

Hand Weapons
 d - a +0 short sword
 o - a +0 dagger
 t - a +0 hunting sling
 v - a +0 short sword of electrocution (weapon)
 x - a +0 whip
Missiles
 c - 27 bolts
 e - 9 poisoned needles
 g - 4 tomahawks (quivered)
 u - 96 stones
Armour
 a - a +0 robe (worn)
 m - a +0 helmet (worn)
Jewellery
 j - a ring of poison resistance (left hand)
Scrolls
 h - a scroll of recharging {unknown}
 i - a scroll of remove curse {unknown}
 l - a scroll of magic mapping {unknown}
 n - 2 scrolls of teleportation {unknown}
 q - 3 scrolls of identify {unknown}
 r - a scroll of fog {unknown}
 w - 2 scrolls of random uselessness {unknown}
 y - a scroll of enchant weapon {unknown}
Potions
 f - a potion of curing {unknown}
 k - 3 potions of heal wounds {unknown}
Books
 b - a book of Conjurations

   Spells                             Type                      Level
   a - Magic Dart                     Conjuration                  1
   b - Searing Ray                    Conjuration                  2
   c - Dazzling Spray                 Conjuration/Hexes            3
   d - Fulminant Prism                Conjuration/Hexes            4
   e - Iskenderun's Mystic Blast      Conjuration                  4
   f - Iskenderun's Battlesphere      Conjuration/Charms           5
Comestibles
 p - 2 slices of pizza
 s - 2 meat rations
 z - 2 chunks of flesh
 A - a bread ration


   Skills:
 + Level 2.5 Dodging
 - Level 2.4 Stealth
 + Level 3.5 Spellcasting
 * Level 6.0 Conjurations


You had 7 spell levels left.
You knew the following spells:

 Your Spells              Type           Power        Failure   Level  Hunger
a - Magic Dart            Conj           ####         1%          1    None
b - Searing Ray           Conj           ####..       1%          2    ##.....


Dungeon Overview and Level Annotations

Branches:
Dungeon (3/15)

Altars:


Message History

Press: ? - help, Shift-Dir - straight line, f/p - orc
Aim: an orc, wielding a short sword (heavily wounded)
The magic dart hits the orc.
You kill the orc!
Your Conjurations skill increases to level 6!
Casting: Magic Dart
Confirm with . or Enter, or press ? or * to list all spells.
Aiming: Magic Dart
Press: ? - help, Shift-Dir - straight line, f - orc priest
Aim: an orc priest, wielding a hand axe and wearing a ring mail You miscast Magic Dart.
You are very lightly contaminated with residual magic.
Strange energies run through your body.
The orc priest invokes the aid of Beogh against you.
Pain shoots through your body!
Ouch! That really hurt!
The orc priest invokes the aid of Beogh against you.
Beogh smites you!
Ouch! That really hurt!
You die...

######## #.@....#
#.####o# #....#.#
####.#o# #<#.#
#######o#######
####......)......+
#.......#..#######
#.#.....#.#####


You could see an orc priest.

Vanquished Creatures
  An adder (D:2)
  An ooze (D:2)
  A dart slug (D:1)
  4 leopard geckos
  An orc (D:3)
  6 giant cockroaches
  4 hobgoblins (D:1)
  A quokka (D:2)
  8 bats
  4 frilled lizards
  10 goblins
  7 kobolds
  7 rats
  A plant (D:2)
56 creatures vanquished.

Notes
Turn   | Place    | Note
-------+----------+-------------------------------------------
     0 | D:1      | Megalobster the Deep Elf Conjurer began the quest for the Orb.
     0 | D:1      | Reached XP level 1. HP: 10/10 MP: 6/6
   162 | D:1      | Reached XP level 2. HP: 15/15 MP: 5/8
   309 | D:1      | Reached skill level 5 in Conjurations
   440 | D:1      | Learned a level 2 spell: Searing Ray
   716 | D:1      | Reached XP level 3. HP: 19/19 MP: 6/9
  1352 | D:2      | Found a faded altar of an unknown god.
  1905 | D:2      | Reached XP level 4. HP: 20/24 MP: 3/11
  2166 | D:3      | Reached skill level 6 in Conjurations
  2175 | D:3      | Killed from afar by an orc priest

Skill      XL: |  1  2  3  4 |
---------------+-------------+-----
Conjurations   | 5 6 |  6.0
Dodging        | |  2.5
Stealth        | |  2.4
Spellcasting   | |  3.5

Action                   |  1- 3 |  4- 6 || total
-------------------------+-------+-------++-------
Melee: Short sword       |    12 |       ||    12
 Cast: Magic Dart        |    86 |    11 ||    97
       Searing Ray       |     7 |     1 ||     8
  Eat: Bread ration      |     1 |       ||     1
Armor: Robe              |     3 |       ||     3
Dodge: Dodged            |    18 |       ||    18
